 Dungeon Crawl Stone Soup version 0.28-a0-723-g095bd1b44f (webtiles) character file.

Game seed: 9396244438991499414

165 lunkers the Skirmisher (level 5, 0/41 HPs)
             Began as a Djinni Cinder Acolyte on Oct 25, 2021.
             Was a High Priest of Ignis.
             Slain by an iguana (6 damage)
             ... on level 4 of the Dungeon.
             The game lasted 00:04:23 (4157 turns).

lunkers the Skirmisher (Djinni Cinder Acolyte)      Turns: 4157, Time: 00:04:23

Health: 0/41       AC:  3    Str: 13    XL:     5   Next: 75%
Gold:   138        EV: 11    Int: 16    God:    Ignis [*****.] SH:  0 Dex:  9

rFire   + + +      SeeInvis +   a - -1 short sword (flame)
rCold   x . .      Faith    .   (no shield)
rNeg    . . .      Spirit   .   b - +1 robe
rPois   ∞          Reflect  .   (no helmet)
rElec   .          Harm     .   (no cloak)
rCorr   .          Rampage  .   (no gloves)
Will    .....                   (boots unavailable)
Stlth   +.........              (no amulet)
HPRegen 0.13/turn               d - ring of see invisible
MPRegen 0.00/turn               (no ring)

@: flying, very slightly contaminated
A: sickness immunity, fire resistance 2, cold vulnerability 1, float, innate
caster, hp casting, extra vitality 1
a: Renounce Religion, Sea of Fire, Foxfire Swarm, Rising Flame


You were on level 4 of the Dungeon.
You worshipped Ignis.
Ignis was extremely pleased with you.
You visited 1 branch of the dungeon, and saw 4 of its levels.

You collected 138 gold pieces.

Inventory:

Hand Weapons
 a - a -1 short sword of flaming (weapon)
 c - a +1 vampiric short sword
Armour
 b - a +1 robe (worn)
Jewellery
 d - a ring of see invisible (left hand)
Wands
 h - a wand of paralysis (6)
 k - a wand of flame (18)
Scrolls
 f - a scroll of teleportation {unknown}
 g - a scroll of brand weapon {unknown}
Potions
 e - a potion of curing {unknown}
 j - a potion of haste {unknown}


   Skills:
 + Level 4.1 Fighting
 - Level 2.6 Short Blades
 * Level 4.0 Spellcasting


You had 7 spell levels left.
You knew the following spells:

 Your Spells              Type           Power      Damage    Failure   Level
a - Magic Dart            Conj           64%        1d6       3%          1
b - Wereblood             Tmut           16%        N/A       4%          2
p - Scorch                Fire           32%        2d7       4%          2
Your spell library was empty.

Dungeon Overview and Level Annotations

Branches:
Dungeon (4/15)
 Temple: D:4-7

Altars:
Vehumet
The Shining One


Innate Abilities, Weirdness & Mutations

You are immune to sickness and miasma.
You are immune to poison.
Your flesh is very heat resistant. (rF++)
You are vulnerable to cold. (rC-)
You float through the air rather than walking.
You learn spells naturally, not from books.
Your magical power is your life essence.
You have superior vitality. (+4 HP)


Message History

Nothing appears to happen.
The scorpion is no longer more vulnerable to fire.
The scorpion stings you.
* * * LOW HITPOINT WARNING * * *
The iguana closely misses you.
Casting: Scorch (safe; 5% risk of failure)
Press: ? - help, Q - select action, (/) - cycle Dir - look around, f - activate Flames lash the ball python.
You kill the ball python!
* * * LOW HITPOINT WARNING * * *
The scorpion misses you. The iguana bites you.
* * * LOW HITPOINT WARNING * * *
The scorpion stings you.
* * * LOW HITPOINT WARNING * * *
Casting: Scorch (safe; 5% risk of failure)
Press: ? - help, Q - select action, (/) - cycle Dir - look around, f - activate Flames lash the scorpion.
You kill the scorpion!
* * * LOW HITPOINT WARNING * * *
The iguana bites you.
* * * LOW HITPOINT WARNING * * *
Your Fighting skill increases to level 4!
Your Spellcasting skill increases to level 4!
Casting: Scorch (safe; 4% risk of failure)
Press: ? - help, Q - select action, (/) - cycle Dir - look around, f - activate Flames lash the iguana.
The iguana is severely wounded.
The iguana's fire resistance burns away.
* * * LOW HITPOINT WARNING * * *
The iguana bites you.
* * * LOW HITPOINT WARNING * * *
Unknown command.
Unknown command.
Casting: Scorch (safe; 4% risk of failure)
Press: ? - help, Q - select action, (/) - cycle Dir - look around, f - activate Flames lash the iguana.
The iguana is burned terribly!
The iguana is severely wounded.
* * * LOW HITPOINT WARNING * * *
The iguana bites you.
You die...

#......#
#.#.#.#####.# #
#......#
#.#.#.........# .
#.#.....#######
.###.......########
.........)........
#........#.....#
#..............#
#........#.....#
#...l@...#<....#
.......###'#.#(....#
....... #.#.#.....#
....... #.#.#..####
....... #.#.#..#
....... #.#.....
....... #.#..
....... #.#.( #.#


You could see an iguana (combustible).

Vanquished Creatures
  A scorpion (D:4)
  Ijyb (D:3)
  3 adders
  A worm (D:2)
  A dart slug (D:3)
  3 ball pythons
  4 endoplasms
  4 giant cockroaches
  3 hobgoblins
  2 quokkas
  4 bats
  5 frilled lizards
  10 goblins
  6 kobolds
  6 rats
54 creatures vanquished.

Notes
Turn   | Place    | Note
-------+----------+-------------------------------------------
     0 | D:1      | lunkers the Djinni Cinder Acolyte began the quest for the
                  | Orb.
     0 | D:1      | Reached XP level 1. HP: 20/20 MP: 0/0
   296 | D:1      | Reached XP level 2. HP: 14/25 MP: 0/0
  1098 | D:1      | Reached XP level 3. HP: 28/30 MP: 0/0
  1098 | D:1      | Learned a level 1 spell: Magic Dart
  1851 | D:2      | Reached XP level 4. HP: 31/35 MP: 0/0
  2443 | D:2      | Found a glowing golden altar of the Shining One.
  2554 | D:3      | Noticed Ijyb
  2556 | D:3      | Paralysed by Ijyb for 3 turns
  2565 | D:3      | Killed Ijyb
  3332 | D:3      | Reached XP level 5. HP: 28/41 MP: 0/0
  3332 | D:3      | Learned a level 2 spell: Wereblood
  3817 | D:3      | Found a glowing golden altar of the Shining One.
  4157 | D:4      | Slain by an iguana

Illustrated notes

Levels and vault maps discovered:
D:1:      sevenhm_arrival_forest_fort_large_2, layout_rooms, serial_aquarium,
          aquarium_bridge_square [aquarium_subvault_wall,
          aquarium_subvault_wall, aquarium_subvault_bridge,
          aquarium_subvault_bridge], aquarium_bridge_long_joined
          [aquarium_subvault_bridge, aquarium_subvault_bridge,
          aquarium_subvault_wall, aquarium_subvault_wall,
          aquarium_subvault_bridge, aquarium_subvault_wall],
          aquarium_window_corridor_1, aquarium_window_2, aquarium_window_fake,
          aquarium_window_1, aquarium_view_2d, aquarium_view_2c,
          aquarium_balcony_3a, aquarium_pool_1
D:2:      layout_rooms, basic_altar
D:3:      layout_loops_corners, general_overflow_altar, vehumet_altar_wand_db,
          uniq_ijyb
D:4:      kennysheep_the_goblin_king, layout_basic,
          mainiacjoe_overflow_surrounded_room, chequers_mini_garden

Skill      XL: |  1  2  3  4  5 |
---------------+----------------+-----
Spellcasting   | 3 4 |  4.0
Fighting       | 4 |  4.1
Short Blades   | |  2.6

Action                   |  1- 3 |  4- 6 || total
-------------------------+-------+-------++-------
Melee: Short sword       |    30 |       ||    30
 Cast: Scorch            |    29 |    32 ||    61
       Magic Dart        |       |    48 ||    48
  Use: Scroll            |     2 |     4 ||     6
Armor: Robe              |     8 |     2 ||    10
Dodge: Dodged            |    20 |     5 ||    25

Table legend: (Time is in decaauts)
 A = Elapsed time spent in this place.
 B = Non-inter-level travel time spent in this place.
 C = Inter-level travel time spent in this place.
 D = Time resting spent in this place.
 E = Time spent auto-exploring this place.
 F = Levels seen in this place.
 G = Mean time per level.
                   A        B        C        D        E       F      G
               +--------+--------+--------+--------+--------+-----+--------+
         Total |   4154 |   4045 |    109 |    167 |   3551 |   4 | 1038.5 |
       Dungeon |   4154 |   4045 |    109 |    167 |   3551 |   4 | 1038.5 |
               +--------+--------+--------+--------+--------+-----+--------+

Top non-repeatable levels by time:
     D:1: 1591 daAuts
     D:3: 1356 daAuts
     D:2: 960 daAuts
     D:4: 244 daAuts
